 Dungeon Crawl Stone Soup version 0.31-a0-949-g57150269e1 (webtiles) character file.

Game seed: 6297409150692563831

84 mattiecakes the Trooper (level 4, -3/31 HPs)
             Began as a Gargoyle Fighter on Oct 22, 2023.
             Slain by Sigmund
             ... wielding a +1 scythe of protection
              (9 damage)
             ... on level 3 of the Dungeon.
             The game lasted 00:07:03 (1619 turns).

mattiecakes the Trooper (Gargoyle Fighter)          Turns: 1619, Time: 00:07:04

Health: -3/31      AC: 10    Str: 21    XL:     4   Next: 46%
Magic:  4/4        EV:  9    Int:  9    God:
Gold:   115        SH:  4    Dex:  9    Spells: 3/3 levels left

rFire   . . .        a - +0 flail
rCold   . . .        c - +0 buckler
rNeg    + . .        b - +0 scale mail
rPois   ∞            (no helmet)
rElec   +            (no cloak)
rCorr   .            (no gloves)
SInv    .            (no boots)
Will    .....        (no amulet) Stlth
                     (no ring)
HPRegen 0.25/turn    (no ring)
MPRegen 0.09/turn

%: no passive effects
@: mighty
A: sickness immunity, AC +3, negative energy resistance 1, electricity
resistance, torment resistance 1, petrification resistance
a: no special abilities


You were on level 3 of the Dungeon.
You visited 1 branch of the dungeon, and saw 3 of its levels.

You collected 115 gold pieces.

Inventory:

Hand Weapons
 a - a +0 flail (weapon)
 j - a +0 hand axe
Armour
 b - a +0 scale mail (worn)
 c - a +0 buckler (worn)
Scrolls
 e - 2 scrolls of identify {unknown}
 h - a scroll of vulnerability {unknown}
 i - a scroll of teleportation {unknown}
Potions
 d - a potion of might
 f - 2 potions of degeneration {unknown}
 g - a potion of curing {unknown}


   Skills:
 + Level 5.0 Fighting
 - Level 2.3 Maces & Flails
 - Level 3.5 Armour
 - Level 3.6 Shields


You had 3 spell levels left.
You didn't know any spells.
Your spell library was empty.

Dungeon Overview and Level Annotations

Branches:
Dungeon (3/15)

Altars:

Annotations:
D:3 Sigmund


Innate Abilities, Weirdness & Mutations

You are immune to sickness and miasma.
Your stone body is resilient. (AC +3)
You are immune to poison.
You resist negative energy. (rN+)
You are resistant to electric shocks. (rElec)
You are resistant to unholy torment.
You are immune to petrification.


Message History

You see here a +0 mace.
You barely miss the orc. You sock the orc!
You kill the orc!
An orc comes into view. It is wielding a +0 trident.
The orc hits you with a +0 whip. Sigmund gestures at you while chanting.
The puff of flame misses you.
The puff of flame hits the orc.
The orc moves out of view.
An orc wizard comes into view. It is wielding a +0 dagger.
Sorry, you're not good enough to have a special ability.
You sock the orc!
You kill the orc!
Sigmund hits you but does no damage.
You don't know any spells.
You don't know any spells.
You don't know any spells.
Unknown command.
Unknown command.
Unknown command.
Unknown command.
Unknown command.
Unknown command.
Unknown command.
Unknown command.
You feel very mighty all of a sudden.
You sock the orc wizard!
The orc wizard is heavily wounded.
You block Sigmund's attack.
The orc wizard hits you but does no damage.
The orc hits you from afar with a +0 trident.
The orc wizard hits you but does no damage.
You block the orc's attack.
Sigmund hits you from afar with a +1 scythe of protection!
The orc wizard hits you with a +0 dagger.
The orc hits you from afar with a +0 trident!
* * * LOW HITPOINT WARNING * * *
Sigmund hits you from afar with a +1 scythe of protection!
You die...
Sigmund begins carving another notch in his scythe.

####.#.#
#..###.####
#.#.# #..#
#.# #.#.#
#..# #.#
#.#.# #...
..# #.#.#
##.# ..#
#.#.#
#.##...
#.####@###.#
#[.........#
######@#####
#o# #.o ####


You could see Sigmund, an orc wizard and an orc.

Vanquished Creatures
  3 adders (D:2)
  6 orcs
  4 bats
  7 endoplasms
  4 giant cockroaches
  9 goblins (D:2)
  2 hobgoblins (D:2)
  6 jackals
  A quokka (D:2)
  A ball python (D:2)
  A frilled lizard (D:1)
  2 rats
46 creatures vanquished.

Notes
Turn   | Place    | Note
-------+----------+-------------------------------------------
     0 | D:1      | mattiecakes the Gargoyle Fighter began the quest for the
                  | Orb.
     0 | D:1      | Reached XP level 1. HP: 14/14 MP: 1/1
   150 | D:1      | Reached XP level 2. HP: 19/19 MP: 2/2
   760 | D:2      | Reached XP level 3. HP: 24/24 MP: 3/3
   819 | D:2      | Reached skill level 4 in Fighting
  1311 | D:2      | Reached XP level 4. HP: 14/30 MP: 4/4
  1520 | D:3      | Reached skill level 5 in Fighting
  1611 | D:3      | Noticed Sigmund
  1619 | D:3      | Slain by Sigmund

Illustrated notes

Levels and vault maps discovered:
D:1:      nagdon_arrival_zigzag_paths, layout_basic, minmay_hedge_maze
D:2:      kennysheep_the_goblin_king, layout_loops_ring,
          dreamdust_princess_corridor
D:3:      layout_loops_ring, reono_crystal_passage, uniq_robin, uniq_sigmund,
          uniq_crazy_yiuf_cottage, uniq_ijyb

Skill      XL: |  1  2  3  4 |
---------------+-------------+-----
Fighting       | 4 5 |  5.0
Maces & Flails | |  2.3
Armour         | |  3.5
Shields        | |  3.6

Action                     |  1- 3 |  4- 6 || total
---------------------------+-------+-------++-------
  Melee: Flail             |   152 |    50 ||   202
    Use: Potion            |     4 |     1 ||     5
 Armour: Scale mail        |   122 |    73 ||   195
  Dodge: Dodged            |    91 |    33 ||   124
  Block: Buckler           |    27 |    15 ||    42

Table legend: (Time is in decaauts)
 A = Elapsed time spent in this place.
 B = Non-inter-level travel time spent in this place.
 C = Inter-level travel time spent in this place.
 D = Time resting spent in this place.
 E = Time spent auto-exploring this place.
 F = Levels seen in this place.
 G = Mean time per level.
                   A        B        C        D        E       F      G
               +--------+--------+--------+--------+--------+-----+--------+
         Total |   1686 |   1620 |     66 |    134 |   1030 |   3 |  562.0 |
       Dungeon |   1686 |   1620 |     66 |    134 |   1030 |   3 |  562.0 |
               +--------+--------+--------+--------+--------+-----+--------+

Top non-repeatable levels by time:
     D:2: 986 daAuts
     D:1: 548 daAuts
     D:3: 151 daAuts
